 Dungeon Crawl Stone Soup version 0.23.0 (webtiles) character file.

Game seed: 13091016795497163611

5964 Kairos the Cleaver (level 10, 0/53 HPs)
             Began as a Vine Stalker Fighter on Feb 11, 2019.
             Slain by Harold
             ... wielding a +2 long sword of electrocution
              (12 damage)
             ... on level 8 of the Dungeon.
             The game lasted 00:16:01 (7090 turns).

Kairos the Cleaver (Vine Stalker Fighter)           Turns: 7090, Time: 00:16:01

Health: 0/53       AC: 17    Str: 22    XL:     10   Next: 84%
Magic:  0/11       EV:  7    Int:  8    God:
Gold:   281        SH: 11    Dex: 14    Spells: 9/9 levels left

rFire    . . .     SeeInvis .   m - +1 war axe (chop)
rCold    . . .     Gourm    .   c - +0 shield
rNeg     . . .     Faith    .   A - +2 plate armour
rPois    .         Spirit   +   (no helmet)
rElec    .         Reflect  .   q - +0 cloak
rCorr    .         Harm     .   n - +0 pair of gloves
MR       +....                  (no boots)
Stlth    ..........             (no amulet)
HPRegen  0.57/turn              (no ring)
MPRegen  0.12/turn              (no ring)

@: no status effects
A: fangs 3, regeneration 1, magic shield, antimagic bite, no potion heal 3, rot
immunity
a: no special abilities


You were on level 8 of the Dungeon.
You were not hungry.

You visited 2 branches of the dungeon, and saw 9 of its levels.

You collected 281 gold pieces.

Inventory:

Hand Weapons
 a - a +0 war axe
 m - a +1 war axe of chopping (weapon)
 D - a +1 whip of flaming
Missiles
 k - 70 stones (quivered)
 r - 2 tomahawks
Armour
 b - a +0 scale mail
 c - a +0 shield (worn)
 n - a +0 pair of gloves (worn)
 q - a +0 cloak (worn)
 A - a +2 plate armour (worn)
Jewellery
 j - an uncursed ring of fire
 E - an uncursed ring of ice
Wands
 y - a wand of acid (5)
 B - a wand of disintegration (12)
 C - a wand of enslavement (10)
Scrolls
 g - 2 scrolls of teleportation
 i - 2 scrolls of fear
 o - a scroll of remove curse
 s - 3 scrolls of identify
 t - a scroll of amnesia
 v - a scroll of enchant armour {unknown}
 w - a scroll of random uselessness {unknown}
Potions
 d - a potion of might
 e - 2 potions of haste
 h - a potion of resistance {unknown}
 l - a potion of ambrosia {unknown}
 p - 5 potions of curing
 u - 2 potions of flight {unknown}
 x - 2 potions of lignification {unknown}
 z - a potion of degeneration {unknown}
Comestibles
 f - 22 rations


   Skills:
 + Level 6.0 Fighting
 + Level 8.3(8.8) Axes
 + Level 4.0(6.6) Maces & Flails
 + Level 5.5 Armour
 + Level 4.1 Dodging
 + Level 1.7 Stealth
 + Level 7.4 Shields


You had 9 spell levels left.
You didn't know any spells.
Your spell library was empty.

Dungeon Overview and Level Annotations

Branches:
Dungeon (8/15)             Temple (1/1) D:7
   Lair: D:8-11

Altars:
Ashenzari
Cheibriados
Dithmenos
Elyvilon
Fedhas
Gozag
Hepliaklqana
Kikubaaqudgha
Makhleb
Nemelex Xobeh
Okawaru
Qazlal
Ru
Sif Muna
Trog
Uskayaw
Vehumet
Wu Jian
Yredelemnul
Zin
The Shining One
Beogh

Shops:
D:5 !

Annotations:
D:8 Harold


Innate Abilities, Weirdness & Mutations

You have razor-sharp teeth.
Your natural rate of healing is unusually fast.
When hurt, damage is shared between your health and your magic reserves.
Your bite disrupts and absorbs the magic of your enemies.
Potions cannot restore your health.
You are immune to rotting.


Message History

Harold is severely wounded.
You hit the bullfrog. You block the bullfrog's attack.
Harold barely misses you.
The bullfrog hits you but does no damage.
Your shield and plate armour prevent you from hitting Harold.
You bite Harold.
Harold's magic leaks into the air.
You drain his magic.
You feel invigorated.
Harold is almost dead.
You slash the bullfrog!
The bullfrog hits you but does no damage.
Harold hits you with a +2 long sword of electrocution.
* * * LOW HITPOINT WARNING * * *
You block the bullfrog's attack.
You hit Harold. Your bite misses Harold.
Harold is almost dead.
You closely miss the bullfrog. You block the bullfrog's attack.
Harold hits you with a +2 long sword of electrocution.
* * * LOW HITPOINT WARNING * * *
You are electrocuted!!
You die...

.......#.#
####.....#..............
####..... #.............
.#....# .##............
......## ............#
.......# ##..........#
.......# #...........#
.......###......F@...##
.##......##.....@.....#
.................†....###
................#..#..<.#
..............####.#....#
#......##....†..##.......#
#..............()#......##
..........(...........###
.######..§####.........#
.# ##...§§###........##


You could see Harold and a bullfrog.

Vanquished Creatures
  The ghost of Nr616 the Magician, a novice GnSk of Ashenzari (D:6)
  Pikel (D:8)
  A troll (D:7)
  Prince Ribbit (D:6)
  A yak (D:7)
  A human (D:7)
  3 hogs (D:7)
  A hungry ghost (D:7)
  Duvessa (D:7)
  3 orc warriors
  2 phantoms
  2 ice beasts (D:6)
  A slave (D:8)
  A black bear (D:8)
  2 sky beasts
  4 ogres
  3 centaurs
  3 bullfrogs
  A gnoll sergeant (D:6)
  Dowan (D:7)
  A wyvern skeleton (D:8)
  2 scorpions
  8 howler monkeys
  5 crimson imps
  3 jellies
  9 orc priests
  5 hounds
  6 orc wizards
  An iguana (D:3)
  7 worker ants
  A killer bee zombie (D:6)
  A worker ant zombie (D:6)
  8 gnolls
  10 adders
  A river rat (D:6)
  An ooze (D:4)
  4 adder skeletons
  3 worms
  3 dart slugs
  5 leopard geckos
  26 orcs
  8 giant cockroaches
  12 hobgoblins
  14 jackals
  5 kobolds
  6 quokkas
  4 bats
  5 frilled lizards
  7 goblins
  7 rats
212 creatures vanquished.

Vanquished Creatures (others)
  A slave (D:8)
  A jelly (D:8)
2 creatures vanquished.

Grand Total: 214 creatures vanquished

Notes
Turn   | Place    | Note
-------+----------+-------------------------------------------
     0 | D:1      | Kairos the Vine Stalker Fighter began the quest for the
                  | Orb.
     0 | D:1      | Reached XP level 1. HP: 11/11 MP: 2/2
    93 | D:1      | Reached XP level 2. HP: 16/16 MP: 3/3
   242 | D:1      | Reached skill level 2 in Axes
   424 | D:1      | Reached XP level 3. HP: 16/20 MP: 4/4
  1071 | D:2      | Gained mutation: Your natural rate of healing is unusually
                  | fast. [Vine Stalker growth]
  1071 | D:2      | Reached XP level 4. HP: 22/24 MP: 5/5
  1808 | D:3      | Reached skill level 3 in Axes
  1808 | D:3      | Reached XP level 5. HP: 8/28 MP: 1/6
  2181 | D:3      | Reached skill level 1 in Dodging
  2625 | D:4      | Reached XP level 6. HP: 32/32 MP: 7/7
  2846 | D:4      | Got an encrusted mace
  2921 | D:4      | Reached skill level 4 in Axes
  3199 | D:4      | Identified the +7 mace of Cataclysm {holy, Fragile rN+
                  | Dex+2} (You found it on level 4 of the Dungeon)
  3207 | D:5      | Entered Level 5 of the Dungeon
  3226 | D:5      | Noticed a phantom
  3245 | D:5      | Killed a phantom
  3245 | D:5      | Reached XP level 7. HP: 27/36 MP: 8/8
  3310 | D:5      | Found Goytosed's Distillery.
  3370 | D:5      | Reached skill level 1 in Maces & Flails
  3845 | D:5      | Gained mutation: You have razor-sharp teeth. [Vine Stalker
                  | growth]
  3845 | D:5      | Reached XP level 8. HP: 42/42 MP: 9/9
  3895 | D:5      | Reached skill level 5 in Shields
  4136 | D:6      | Found a runed translucent gate.
  4137 | D:6      | Found a runed translucent gate.
  4137 | D:6      | Noticed Nr616's ghost (novice GnSk)
  4138 | D:6      | Found a runed translucent gate.
  4140 | D:6      | Identified the +10 scimitar of Courage {elec, *Noise rElec
                  | Dex+3}
  4197 | D:6      | Reached skill level 5 in Axes
  4362 | D:6      | Reached XP level 9. HP: 28/46 MP: 7/10
  4371 | D:6      | You fall through a shaft for 2 floors!
  4379 | D:8      | Reached skill level 1 in Stealth
  4508 | D:8      | Found a sacrificial altar of Ru.
  4542 | D:8      | Found a hazy altar of Hepliaklqana.
  4620 | D:8      | Found a sparkling altar of Nemelex Xobeh.
  4715 | D:7      | Reached skill level 5 in Fighting
  4752 | D:7      | Found a staircase to the Ecumenical Temple.
  4993 | D:7      | Noticed a troll
  5002 | D:7      | Killed a troll
  5002 | D:7      | Reached skill level 6 in Axes
  5126 | D:7      | Noticed Duvessa
  5126 | D:7      | Noticed Dowan
  5137 | D:7      | Killed Duvessa
  5148 | D:7      | Killed Dowan
  5519 | Temple   | Entered the Ecumenical Temple
  5872 | D:6      | Noticed Prince Ribbit
  5884 | D:6      | Killed Prince Ribbit
  5884 | D:6      | Reached XP level 10. HP: 41/51 MP: 9/11
  5907 | D:6      | Reached skill level 7 in Axes
  5995 | D:6      | Found a roughly hewn altar of Beogh.
  6034 | D:6      | Killed Nr616's ghost
  6034 | D:6      | Reached skill level 5 in Armour
  6922 | D:8      | Noticed Pikel
  6936 | D:8      | Killed Pikel
  6936 | D:8      | Reached skill level 8 in Axes
  6961 | D:8      | Found an iron altar of Okawaru.
  7024 | D:8      | Found a shadowy altar of Dithmenos.
  7074 | D:8      | Noticed Harold
  7090 | D:8      | Slain by Harold

Skill      XL: |  1  2  3  4  5  6  7  8  9 10 |
---------------+-------------------------------+-----
Axes           | 2 3 4 5 6 8 |  8.3
Fighting       | 3 4 5 6 |  6.0
Shields        | 3 4 5 6 7 |  7.4
Armour         | 3 4 5 |  5.5
Dodging        | 1 2 3 4 |  4.1
Maces & Flails | 2 4 |  4.0
Stealth        | 1 |  1.7

Action                   |  1- 3 |  4- 6 |  7- 9 | 10-12 || total
-------------------------+-------+-------+-------+-------++-------
Melee: War axe           |    94 |   129 |   120 |   142 ||   485
       Bite              |    25 |    45 |    75 |    38 ||   183
       Mace              |       |    16 |   110 |       ||   126
  Use: Scroll            |       |     5 |     2 |       ||     7
       Potion            |       |     1 |     2 |     1 ||     4
 Stab: Distracted        |       |       |       |     1 ||     1
  Eat: Chunk             |       |     7 |    10 |     1 ||    18
       Ration            |       |       |       |     1 ||     1
Armor: Scale mail        |    51 |    56 |    75 |    23 ||   205
       Plate armour      |       |       |       |    19 ||    19
Dodge: Dodged            |    34 |    60 |    87 |    41 ||   222
Block: Shield            |    60 |    76 |   131 |    86 ||   353
